 Dungeon Crawl Stone Soup version 0.27.1-4-g1640c2035a (webtiles) character file.

Game seed: 9101089061703969079

3230 horus123 the Protected (level 9, -4/70 (71) HPs)
             Began as a Hill Orc Fighter on Nov 1, 2021.
             Was a High Priest of Fedhas.
             Slain by a kobold demonologist (9 damage)
             ... in a bailey.
             The game lasted 00:19:13 (8167 turns).

horus123 the Protected (Hill Orc Fighter)           Turns: 8167, Time: 00:19:14

HP:   -4/70 (71)    AC: 18    Str: 22    XL:     9   Next: 98%
MP:   0/10          EV:  4    Int:  8    God:    Fedhas [*****.]
Gold: 399           SH: 18    Dex: 10    Spells: 8/8 levels left

rFire    + . .     SeeInvis .   a - +2 war axe (freeze)
rCold    . . .     Faith    .   k - +2 tower shield
rNeg     . . .     Spirit   +   v - +0 plate armour
rPois    .         Reflect  .   (no helmet)
rElec    .         Harm     .   (no cloak)
rCorr    .         Rampage  .   n - +2 pair of gloves
Will     .....                  (no boots)
Stlth    ..........             t - amulet of guardian spirit
HPRegen  0.21/turn              g - ring of protection from fire
MPRegen  0.12/turn              (no ring)

@: mighty, lightly drained
A: no striking features
a: Renounce Religion, Wall of Briars, Grow Ballistomycete, Overgrow, Grow Oklob


You were in a bailey.
You worshipped Fedhas.
Fedhas was extremely pleased with you.
You visited 1 branch of the dungeon, and saw 7 of its levels.
You also visited: Ossuary and Bailey.

You collected 781 gold pieces.
You spent 382 gold pieces at shops.

Inventory:

Hand Weapons
 a - a +2 war axe of freezing (weapon)
Armour
 b - a +0 scale mail
 i - a +0 chain mail
 k - a +2 tower shield (worn)
 n - a +2 pair of gloves (worn)
 v - a +0 plate armour (worn)
Jewellery
 g - a ring of protection from fire (left hand)
 q - the ring of Xannea {Contam rPois Int+4 SInv Stlth+}
   (You found it on level 6 of the Dungeon)

   [ring of poison resistance]

   Int:       It affects your intelligence (+4).
   rPois:     It protects you from poison.
   SInv:      It lets you see invisible.
   Contam:    It causes magical contamination when unequipped.
   Stlth:     It makes you more stealthy.
 t - an amulet of guardian spirit (around neck)
Wands
 s - a wand of iceblast (10)
Scrolls
 c - a scroll of fear
 l - 3 scrolls of teleportation
 u - a scroll of magic mapping
Potions
 e - 2 potions of heal wounds
 f - 2 potions of lignification
 h - 3 potions of brilliance
 j - 4 potions of curing
 m - 3 potions of ambrosia
 o - 2 potions of attraction
 r - a potion of mutation
 w - 4 potions of haste
 x - 3 potions of resistance
 z - a potion of degeneration {unknown}


   Skills:
 - Level 4.2 Fighting
 - Level 8.1 Axes
 - Level 10.9 Armour
 - Level 0.3 Dodging
 - Level 8.6 Shields
 + Level 2.0 Invocations


You had 8 spell levels left.
You didn't know any spells.
Your spell library contained the following spells:

 Spells                   Type           Power      Damage    Failure   Level
 Freeze                   Ice            0%         1d3       100%        1
 Sandblast                Erth           0%         2d4       100%        1
 Blink                    Tloc           N/A        N/A       100%        2
 Passwall                 Tmut/Erth      0%         N/A       100%        2
 Conjure Flame            Conj/Fire      0%         6-21      100%        3
 Frozen Ramparts          Ice            0%         1d2       100%        3
 Ignite Poison            Fire/Tmut/Pois 0%         N/A       100%        3
 Inner Flame              Hex/Fire       0%         N/A       100%        3
 Cause Fear               Hex            0%         N/A       100%        4
 Hailstorm                Conj/Ice       0%         3d3       100%        4
 Sticky Flame             Conj/Fire      0%         2d3       100%        4
 Lee's Rapid Deconstruct  Erth           0%         3d5*      100%        5
 Manifold Assault         Tloc           0%         N/A       100%        5
 Storm Form               Tmut/Air       0%         N/A       100%        7
 Discord                  Hex            0%         N/A       100%        8


Dungeon Overview and Level Annotations

Branches:
Dungeon (7/15)             Temple (0/1) D:5         Ossuary (visited)
 Bailey (1/1)

Altars:
Fedhas

Shops:
D:7 [[=*(


Message History

The orc warrior hits your briar patch with a +0 battleaxe.
The orc warrior hits your briar patch but does no damage.
You block the orc warrior's attack.
The kobold demonologist gestures wildly while chanting.
The orange demon stings you but does no damage.
The orc sorcerer wildly gestures.
The orc sorcerer shimmers violently.
The orc sorcerer gestures wildly while chanting.
Your Invocations skill gained 2 levels and is now at level 2!
You slash the kobold demonologist! You freeze the kobold demonologist.
The kobold demonologist is severely wounded.
You slash the orc warrior! You freeze the orc warrior.
You barely miss the orc warrior. You barely miss the orc sorcerer.
You block the orc warrior's attack.
The orc warrior hits your briar patch with a +0 battleaxe.
The orc warrior hits your briar patch with a +0 battleaxe!!
Your briar patch is destroyed!
The orc warrior hits your briar patch with a +0 battleaxe.
Your briar patch is destroyed!
You block the orc warrior's attack.
The kobold demonologist hits you but does no damage.
The orange demon stings you from afar! The orc sorcerer barely misses you.
The orc warrior hits you but does no damage.
The orc warrior hits your briar patch but does no damage.
You closely miss the kobold demonologist.
The kobold demonologist is severely wounded.
You slash the orc warrior! You freeze the orc warrior.
You hit the orc warrior but do no damage.
You barely miss the orc sorcerer. You block the orc warrior's attack.
The kobold demonologist hits you with a +0 war axe.
The orange demon stings you from afar!
The orc sorcerer mumbles some strange words.
Send 'em back where they came from!
Your briar patch disappears in a puff of smoke! x2
The orc warrior hits you with a +0 battleaxe!!
* * * LOW HITPOINT WARNING * * *
The orc warrior barely misses you.
The kobold demonologist hits you with a +0 war axe!
You die...
Fedhas appreciates your contribution to the ecosystem.

#### ?..# !..
#######
##+#5......
+..434..._.
#.8oK5.....
#.)@o5.....
#.8o#######
#.§...#######
#.8...#.....#
#.....#.....#
####..#..⌠..#
#..'.....+
#..')))..+
#####'''#####


You could see a soul eater (summoned), an orange demon (summoned), a rust devil
(summoned), a kobold demonologist, an orc sorcerer, 2 orc warriors, a quasit
(summoned) and 2 shadow imps.

Vanquished Creatures
  Eustachio (D:6)
  A water moccasin (D:6)
  2 orc warriors
  2 sky beasts
  A black bear (D:4)
  6 ice beasts
  2 ogres
  A necrophage (D:6)
  A phantom (D:4)
  A bullfrog (D:7)
  5 scorpions
  A water moccasin skeleton (D:5)
  3 killer bees (D:7)
  4 wights (D:7)
  A howler monkey (D:5)
  A centaur zombie (D:5)
  5 hounds
  2 orc priests
  A bullfrog skeleton (D:5)
  2 jellies
  4 orc wizards
  4 iguanas
  8 mummies (Ossuary)
  3 gnolls (Bailey)
  6 adders
  A howler monkey skeleton (D:7)
  2 ufetubi
  An adder skeleton (D:4)
  3 dart slugs
  4 worms
  17 orcs
  8 bats
  9 endoplasms
  7 giant cockroaches
  2 gnoll zombies (Ossuary)
  7 goblins
  9 hobgoblins
  5 jackals (D:1)
  5 kobolds (D:1)
  2 quokkas
  7 ball pythons
  2 frilled lizards
  A goblin zombie (D:6)
  3 hobgoblin zombies (Ossuary)
  2 kobold zombies (Ossuary)
  An orc zombie (Ossuary)
  4 rats
  A rat zombie (D:6)
171 creatures vanquished.

Vanquished Creatures (collateral kills)
  A goblin (Bailey)
1 creature vanquished.

Grand Total: 172 creatures vanquished

Notes
Turn   | Place    | Note
-------+----------+-------------------------------------------
     0 | D:1      | horus123 the Hill Orc Fighter began the quest for the Orb.
     0 | D:1      | Reached XP level 1. HP: 19/19 MP: 1/1
   289 | D:1      | Reached XP level 2. HP: 27/27 MP: 2/2
   309 | D:1      | Found a faded altar of an unknown god.
   443 | D:1      | Became a worshipper of Fedhas Madash
   443 | D:1      | Reached * piety under Fedhas
   612 | D:1      | Reached XP level 3. HP: 28/33 MP: 3/3
  1147 | D:2      | Reached ** piety under Fedhas
  1161 | D:2      | Reached XP level 4. HP: 33/40 MP: 4/4
  1506 | D:2      | Reached skill level 4 in Armour
  1801 | D:3      | Reached XP level 5. HP: 38/46 MP: 5/5
  2540 | D:3      | Reached skill level 5 in Axes
  2771 | D:4      | Reached XP level 6. HP: 43/52 MP: 6/6
  2888 | D:4      | You fall into a shaft and drop 1 floor!
  2888 | D:5      | Entered Level 5 of the Dungeon
  2919 | D:5      | Reached *** piety under Fedhas
  3194 | D:5      | Noticed a sky beast
  3215 | D:5      | Killed a sky beast
  3216 | D:5      | Reached XP level 7. HP: 27/59 MP: 7/7
  3711 | D:5      | Found a staircase to the Ecumenical Temple.
  3724 | D:5      | You fall into a shaft and drop 1 floor!
  3732 | D:6      | Reached skill level 5 in Shields
  3857 | D:6      | Noticed Eustachio
  3880 | D:6      | Killed Eustachio
  4043 | D:6      | Found a glowing drain.
  4046 | D:6      | Identified the ring of Xannea {Contam rPois Int+4 SInv
                  | Stlth+}
  4150 | D:6      | Reached XP level 8. HP: 66/66 MP: 8/8
  4270 | D:6      | Found a sand-covered staircase.
  4285 | Ossuary  | Entered an ossuary
  5347 | D:5      | Identified the +1 leather armour of Fortitude {rElec rC+}
  6165 | D:4      | Reached skill level 5 in Armour
  6272 | D:4      | Reached skill level 6 in Armour
  6309 | D:4      | Reached **** piety under Fedhas
  6394 | D:4      | Found a transporter.
  6407 | D:4      | Found a transporter.
  6422 | D:4      | Reached skill level 7 in Armour
  6422 | D:4      | Reached XP level 9. HP: 32/71 MP: 9/9
  6742 | D:4      | Reached skill level 8 in Armour
  7455 | D:7      | Found Wucozisosch's Armour Emporium.
  7457 | D:7      | Found Eroguq's Jewellery Shoppe.
  7492 | D:7      | Found Lacus's Antique Weapon Boutique.
  7502 | D:7      | Reached skill level 9 in Armour
  7575 | D:7      | Found Merinton's Antique Armour Boutique.
  7625 | D:7      | Bought a shiny tower shield for 187 gold pieces
  7671 | D:7      | Found Ygarurun's Assorted Antiques.
  7707 | D:7      | Bought a scroll of enchant weapon for 195 gold pieces
  7782 | D:7      | Reached skill level 10 in Armour
  7884 | D:7      | Found a flagged portal.
  8099 | Bailey   | Entered a bailey
  8128 | Bailey   | Reached ***** piety under Fedhas
  8153 | Bailey   | Found an iron altar of Okawaru.
  8153 | Bailey   | Noticed an orc sorcerer
  8153 | Bailey   | Noticed a kobold demonologist
  8163 | Bailey   | Noticed an orange demon
  8166 | Bailey   | Noticed a soul eater
  8166 | Bailey   | Noticed a rust devil
  8167 | Bailey   | Slain by a kobold demonologist

Illustrated notes

Levels and vault maps discovered:
D:1:      dpeg_arrival_simpleton_c, layout_loops_cross,
          ebering_ecumenical_altar_box
D:2:      layout_basic, hangedman_abyss_or_decor_stabs, serial_bayou_pond_d,
          minmay_tripent
D:3:      layout_basic, minmay_increasing_density
D:4:      gammafunk_cloud_chamber, layout_basic, kennysheep_nub
D:5:      layout_basic, minmay_temple_entry_statues_pillars,
          kennysheep_small_circle
D:6:      layout_rooms, enter_ossuary_4, portal_sewer_entry_c,
          hangedman_decor_clover_reticule, uniq_eustachio
D:7:      gammafunk_beogh_shrine, layout_cave_pools, enter_bailey_2,
          serial_rivers, chequers_serial_rivers_micro_d,
          chequers_serial_rivers_small_3, chequers_serial_rivers_large_a,
          chequers_serial_rivers_room_a, chequers_serial_rivers_micro_e,
          chequers_serial_rivers_micro_b, serial_shops, nicolae_shop_trees,
          shop_coins, nicolae_shop_stone, shop_fountains, shop
Bailey:   bailey_axe_of_yendor_kennysheep, bailey

Skill      XL: |  1  2  3  4  5  6  7  8  9 |
---------------+----------------------------+-----
Fighting       | 4 |  4.2
Axes           | 3 4 6 8 |  8.1
Shields        | 4 7 8 |  8.6
Armour         | 4 7 10 | 10.9
Invocations    | 2 |  2.0
Dodging        | |  0.3

Action                   |  1- 3 |  4- 6 |  7- 9 || total
-------------------------+-------+-------+-------++-------
Melee: War axe           |    90 |   142 |   340 ||   572
Invok: Wall of Briars    |       |       |     1 ||     1
  Use: Scroll            |     2 |     4 |    14 ||    20
       Potion            |       |       |     5 ||     5
Armor: Scale mail        |    49 |       |       ||    49
       Chain mail        |     9 |    95 |    70 ||   174
       Plate armour      |       |       |   126 ||   126
Dodge: Dodged            |    25 |    41 |    64 ||   130
Block: Kite shield       |    52 |    84 |   166 ||   302
       Tower shield      |       |       |   101 ||   101
